 Dungeon Crawl Stone Soup version 0.20.1-1-g8b1a95d (webtiles) character file.

246 vineage the Chopper (level 6, -4/79 HPs)
             Began as a Hill Orc Fighter on July 23, 2017.
             Killed by divine providence
             ... invoked by an orc priest
              (12 damage)
             ... on level 4 of the Dungeon.
             The game lasted 00:06:13 (2281 turns).

vineage the Chopper (Hill Orc Fighter)              Turns: 2281, Time: 00:06:14

Health: -4/79      AC:  8    Str: 26    XL:     6   Next: 11%
Magic:  6/6        EV:  8    Int:  8    God:
Gold:   189        SH: 10    Dex: 10    Spells: 5/5 levels left

rFire    . . .     SeeInvis .   a - +0 war axe
rCold    . . .     Gourm    .   c - +0 shield
rNeg     + . .     Faith    .   b - +1 scale mail
rPois    .         Spirit   .   (no helmet)
rElec    .         Reflect  .   (no cloak)
rCorr    .         Harm     .   (no gloves)
MR       .....                  (no boots)
Stlth    ..........             (no amulet)
Regen    0.3/turn               m - ring of stealth
MPRegen  0.1/turn               l - ring of positive energy

@: berserking, very quick
A: no striking features
a: Convert to Beogh


You were on level 4 of the Dungeon.
You were not hungry.

You visited 1 branch of the dungeon, and saw 4 of its levels.

You collected 189 gold pieces.

Inventory:

Hand Weapons
 a - a +0 war axe (weapon)
Armour
 b - a +1 scale mail (worn)
 c - a +0 shield (worn)
Jewellery
 i - an uncursed ring of fire {unknown}
 l - a ring of positive energy (right hand)
 m - a ring of stealth (left hand)
Scrolls
 e - a scroll of magic mapping {unknown}
 h - 5 scrolls of teleportation
 t - a scroll of enchant weapon {unknown}
Potions
 d - 3 potions of might
 g - a potion of magic
 j - a potion of berserk rage
 k - a potion of mutation {unknown}
 n - a potion of cancellation {unknown}
 o - 3 potions of curing
 s - a potion of brilliance
Comestibles
 f - 4 bread rations
 p - 5 fruits
 q - a meat ration
 r - a royal jelly


   Skills:
 + Level 4.4 Fighting
 + Level 5.8 Axes
 + Level 4.3 Armour
 + Level 1.2 Dodging
 + Level 3.8 Shields


You had 5 spell levels left.
You didn't know any spells.

Dungeon Overview and Level Annotations

Branches:
Dungeon (4/15)
 Temple: D:4-7

Altars:
Ashenzari
Nemelex Xobeh
Xom


Message History

The orc wizard gestures wildly while chanting.
The orc wizard flickers and vanishes!
Deactivating autopickup; reactivate with Ctrl-A.
The orc hits you.
Autopickup is now on.
You are too injured to fight recklessly!
The orc priest invokes the aid of Beogh against you.
Beogh smites you!
The orc priest calls down the wrath of Beogh upon you.
Beogh smites you!
* * * LOW HITPOINT WARNING * * *
A red film seems to cover your vision as you go berserk!
You feel yourself moving faster!
You feel mighty!
The orc wizard gestures wildly while chanting.
The orc wizard flickers and vanishes!
Deactivating autopickup; reactivate with Ctrl-A.
You block the orc priest's attack. You block the orc wizard's attack.
The orc priest calls down the wrath of Beogh upon you.
Beogh smites you!
You die...

####### #.....## ####
###'###..# ...#
########.P...#..##...####
#..>..#...⌠...#.........#
......#....P....@o......#
#.#.####_._P_##.oo.......
#.#.# ##..#PP##.a.o....).
#.#.# #.#....##..........
#.#.# #.#.....#....oo...#
#.#.###'#####.#####{{....
#.#...........#### #.....
#.#..............# .....
#.#...)).........# .....


You could see a worker ant, 2 orc priests, an orc wizard and 3 orcs.

Vanquished Creatures
  The ghost of vineage the Skirmisher, an amateur DrBe of Jiyva (D:3)
  Robin (D:4)
  4 adders
  2 oozes (D:2)
  An adder skeleton (D:4)
  3 worms
  11 dart slugs
  A leopard gecko (D:2)
  An orc (D:3)
  6 giant cockroaches
  10 goblins
  5 hobgoblins
  2 quokkas
  A ball python (D:2)
  4 bats
  7 frilled lizards
  8 kobolds
  7 rats
75 creatures vanquished.

Notes
Turn   | Place    | Note
-------+----------+-------------------------------------------
     0 | D:1      | vineage the Hill Orc Fighter began the quest for the Orb.
     0 | D:1      | Reached XP level 1. HP: 19/19 MP: 1/1
   182 | D:1      | Reached skill level 3 in Axes
   262 | D:1      | Reached XP level 2. HP: 27/27 MP: 2/2
   758 | D:2      | Reached XP level 3. HP: 6/33 MP: 3/3
  1195 | D:2      | Reached skill level 4 in Axes
  1197 | D:2      | Reached XP level 4. HP: 36/40 MP: 4/4
  1386 | D:3      | Found a faded altar of an unknown god.
  1857 | D:3      | Noticed vineage's ghost (amateur DrBe)
  1881 | D:3      | Killed vineage's ghost
  1881 | D:3      | Reached skill level 5 in Axes
  1881 | D:3      | Reached skill level 1 in Dodging
  1881 | D:3      | Reached XP level 5. HP: 31/47 MP: 5/5
  1977 | D:4      | Noticed Robin
  1985 | D:4      | Reached XP level 6. HP: 30/53 MP: 6/6
  1991 | D:4      | Killed Robin
  2254 | D:4      | Found a shattered altar of Ashenzari.
  2257 | D:4      | Found a sparkling altar of Nemelex Xobeh.
  2257 | D:4      | Found a shimmering altar of Xom.
  2281 | D:4      | Killed from afar by an orc priest

Skill      XL: |  1  2  3  4 |
---------------+-------------+-----
Axes           | 3 4 5 |  5.8
Fighting       | 4 |  4.4
Armour         | 4 |  4.3
Dodging        | 1 |  1.2
Shields        | |  3.8

Action                   |  1- 3 |  4- 6 || total
-------------------------+-------+-------++-------
Melee: War axe           |   103 |   139 ||   242
  Use: Scroll            |       |     8 ||     8
       Potion            |       |     2 ||     2
  Eat: Chunk             |       |     5 ||     5
Armor: Scale mail        |    39 |    74 ||   113
Dodge: Dodged            |    29 |    41 ||    70
Block: Shield            |    50 |    76 ||   126
